 Dungeon Crawl Stone Soup version 0.29-a0-414-g5075937ec3 (webtiles) character file.

Game seed: 8631566885745434811

33 dolemite99 the Bolt Thrower (level 3, -3/28 HPs)
             Began as a Barachi Hunter on May 15, 2022.
             Slain by Terence
             ... wielding a +0 mace
              (5 damage)
             ... on level 2 of the Dungeon.
             The game lasted 00:02:04 (1820 turns).

dolemite99 the Bolt Thrower (Barachi Hunter)        Turns: 1820, Time: 00:02:04

Health: -3/28      AC:  3    Str: 12    XL:     3   Next: 29%
Magic:  0/3        EV: 12    Int:  9    God:
Gold:   156        SH:  0    Dex: 17    Spells: 2/2 levels left

rFire   . . .      SeeInvis .   a - +1 hand crossbow
rCold   . . .      Faith    .   (no shield)
rNeg    . . .      Spirit   +   b - +0 leather armour
rPois   .          Reflect  .   (no helmet)
rElec   .          Harm     .   (no cloak)
rCorr   .          Rampage  .   (no gloves)
Will    .....                   (no boots)
Stlth   ++........              g - amulet of guardian spirit
HPRegen 0.09/turn               (no ring)
MPRegen 0.08/turn               (no ring)

@: about to teleport, unable to hop, slow
A: amphibious, slowness 1, strong legs 1, +LOS
a: Hop


You were on level 2 of the Dungeon.
You visited 1 branch of the dungeon, and saw 2 of its levels.

You collected 156 gold pieces.

Inventory:

Hand Weapons
 a - a +1 hand crossbow (weapon)
 f - a +0 hunting sling
Armour
 b - a +0 leather armour (worn)
Jewellery
 g - an amulet of guardian spirit (around neck)
 h - a +4 ring of evasion
Scrolls
 c - a scroll of immolation
 e - 2 scrolls of identify {@r1}
 i - a scroll of enchant weapon {unknown}
 j - 2 scrolls of teleportation
Potions
 d - a potion of mutation


   Skills:
 - Level 2.4 Fighting
 + Level 5.1 Crossbows
 - Level 2.1 Dodging
 - Level 0.8 Stealth


You had 2 spell levels left.
You didn't know any spells.
Your spell library was empty.

Dungeon Overview and Level Annotations

Branches:
Dungeon (2/15)

Altars:

Annotations:
D:2 Jessica, Terence


Innate Abilities, Weirdness & Mutations

You are amphibious.
You cover ground slowly.
You can hop short distances.
You have an extended range of vision and can be seen from far away.


Message History

Terence completely misses you.
Shoot: a) +1 hand crossbow
Press: ? - help, Shift-Dir - straight line, f/p - Terence
Aim: Terence, wielding a +0 mace and wearing a +0 scale mail (heavily wounded, 69% to hit)
You shoot a bolt.
The bolt hits Terence but does no damage.
Terence is heavily wounded.
Jessica casts a spell.
Jessica blinks!
Terence hits you with a +0 mace. Terence barely misses you.
Shoot: a) +1 hand crossbow
Press: ? - help, Shift-Dir - straight line, f/p - Terence
Aim: Terence, wielding a +0 mace and wearing a +0 scale mail (heavily wounded, 69% to hit)
You shoot a bolt. The bolt hits Terence.
Terence is heavily wounded.
Terence shouts, "Get ready for death!"
Terence closely misses you. Terence barely misses you.
Shoot: a) +1 hand crossbow
Press: ? - help, Shift-Dir - straight line, f/p - Terence
Aim: Terence, wielding a +0 mace and wearing a +0 scale mail (heavily wounded, 69% to hit)
You shoot a bolt. The bolt closely misses Terence.
Terence hits you with a +0 mace!
* * * LOW HITPOINT WARNING * * *
Terence hits you with a +0 mace.
* * * LOW HITPOINT WARNING * * *
Shoot: a) +1 hand crossbow
Press: ? - help, Shift-Dir - straight line, f/p - Terence
Aim: Terence, wielding a +0 mace and wearing a +0 scale mail (heavily wounded, 69% to hit)
You shoot a bolt. The bolt hits Terence.
Terence is severely wounded.
You feel yourself speed up. Terence barely misses you.
Terence hits you with a +0 mace.
* * * LOW HITPOINT WARNING * * *
Okay, then.
Shoot: a) +1 hand crossbow
Press: ? - help, Shift-Dir - straight line, f/p - Terence
Aim: Terence, wielding a +0 mace and wearing a +0 scale mail (severely wounded, 69% to hit)
As you read the scroll labelled BOSMED PYVIU, it crumbles to dust.
You feel strangely unstable.
It was a scroll of teleportation.
Terence hits you with a +0 mace.
You die...

## ###.##############
####. ........@@@#.....#
#....
###.######.......####.#..
######.#........#....
#............##.#...#
#...............)...#
#........######.....#
#........# #.....#
#.###...... #.....†
#.>..................


You could see Terence and Jessica (fast).

Vanquished Creatures
  A worm (D:2)
  A dart slug (D:1)
  3 ball pythons
  4 endoplasms (D:1)
  5 goblins
  2 hobgoblins (D:1)
  A quokka (D:2)
  3 bats
  2 frilled lizards (D:1)
  A kobold (D:1)
  4 rats
27 creatures vanquished.

Notes
Turn   | Place    | Note
-------+----------+-------------------------------------------
     0 | D:1      | dolemite99 the Barachi Hunter began the quest for the Orb.
     0 | D:1      | Reached XP level 1. HP: 17/17 MP: 1/1
   657 | D:1      | Reached XP level 2. HP: 16/23 MP: 2/2
  1465 | D:1      | Reached XP level 3. HP: 28/28 MP: 3/3
  1734 | D:2      | Reached skill level 5 in Crossbows
  1796 | D:2      | Noticed Jessica
  1801 | D:2      | Noticed Terence
  1819 | D:2      | HP: 1/28 [Terence/+0 mace (2)]
  1820 | D:2      | Slain by Terence

Illustrated notes

Levels and vault maps discovered:
D:1:      lemuel_arrival_funnel, layout_basic
D:2:      layout_basic, hellmonk_ecumenical_altar_inner_sanctum, uniq_jessica,
          uniq_terence

Skill      XL: |  1  2  3 |
---------------+----------+-----
Crossbows      | 5 |  5.1
Fighting       | |  2.4
Dodging        | |  2.1
Stealth        | |  0.8

Action                   || total
-------------------------++-------
 Fire: Hand crossbow     ||    91
 Abil: Hop               ||     1
  Use: Scroll            ||     2
Armor: Leather armour    ||    10
Dodge: Dodged            ||    25

Table legend: (Time is in decaauts)
 A = Elapsed time spent in this place.
 B = Non-inter-level travel time spent in this place.
 C = Inter-level travel time spent in this place.
 D = Time resting spent in this place.
 E = Time spent auto-exploring this place.
 F = Levels seen in this place.
 G = Mean time per level.
                   A        B        C        D        E       F      G
               +--------+--------+--------+--------+--------+-----+--------+
         Total |   1995 |   1943 |     52 |    962 |    723 |   2 |  997.5 |
       Dungeon |   1995 |   1943 |     52 |    962 |    723 |   2 |  997.5 |
               +--------+--------+--------+--------+--------+-----+--------+

Top non-repeatable levels by time:
     D:1: 1870 daAuts
     D:2: 125 daAuts
